 Dungeon Crawl Stone Soup version 0.31-a0-486-g8d68a81214 (webtiles) character file.

Game seed: 10439643857914268332

154 MisterAzrael the Magician (level 5, -8/39 HPs)
             Began as a Djinni Fire Elementalist on Aug 7, 2023.
             Was an Initiate of Makhleb.
             Mangled by a gnoll
             ... wielding a +0 spear
             ... led by a gnoll bouda
              (9 damage)
             ... on level 4 of the Dungeon.
             The game lasted 00:04:50 (2305 turns).

MisterAzrael the Magician (DjFE)                    Turns: 2305, Time: 00:04:51

Health: -8/39      AC:  2    Str:  7    XL:     5   Next: 63%
Gold:   183        EV: 13    Int: 18    God:    Makhleb [......] SH:  0 Dex: 20

rFire   + + .        d - +4 short sword of the Endless Expanse {flame, Drain rN++ Dex+6}
rCold   x . .        (no shield)
rNeg    + + .        a - +0 robe
rPois   ∞            (no helmet)
rElec   .            (no cloak)
rCorr   .            (no gloves)
SInv    .            (boots unavailable)
Will    .....        (no amulet)
Stlth   ++           (no ring)
HPRegen 0.26/turn    (no ring)
MPRegen 0.00/turn

%: infuse magic (-9 HP)
@: attractive, flying
A: sickness immunity, fire resistance 2, cold vulnerability 1, float, innate
caster, HP casting, extra vitality 1
a: Renounce Religion


You were on level 4 of the Dungeon.
You worshipped Makhleb.
Makhleb was noncommittal.
You visited 1 branch of the dungeon, and saw 4 of its levels.

You collected 183 gold pieces.

Inventory:

Hand Weapons
 d - the +4 short sword of the Endless Expanse (weapon) {flame, Drain rN++ Dex+6}
   (You found it on level 3 of the Dungeon)

   Dex:       It affects your dexterity (+6).
   rN:        It greatly protects you from negative energy.
   Drain:     It drains your maximum health when unequipped.
Armour
 a - a +0 robe (worn)
Jewellery
 k - an amulet of reflection
 m - a +6 ring of strength
Wands
 j - a wand of paralysis (7)
Scrolls
 b - a scroll of blinking {unknown}
 c - a scroll of vulnerability {unknown}
 g - 3 scrolls of identify {unknown}
 i - a scroll of fog {unknown}
 l - a scroll of summoning {unknown}
Potions
 e - 2 potions of heal wounds {unknown}
 f - a potion of mutation {unknown}
 h - a potion of invisibility {unknown}
 n - 2 potions of degeneration {unknown}
 o - a potion of attraction


   Skills:
 + Level 2.4 Fighting
 - Level 2.4 Dodging
 - Level 1.8 Stealth
 * Level 4.1 Spellcasting
 * Level 4.1 Conjurations
 * Level 4.1 Hexes
   Level 0.0 Charms
 * Level 4.1 Summonings
 * Level 4.1 Necromancy
 * Level 4.1 Translocations
 * Level 4.1 Transmutations
 * Level 4.1 Fire Magic
 * Level 4.1 Ice Magic
 * Level 4.1 Air Magic
 * Level 4.1 Earth Magic
 * Level 4.1 Poison Magic


You knew the following spells:

 Your Spells              Type           Power      Damage    Failure   Level
a - Foxfire               Conj/Fire      72%        2x1d7     2%          1
b - Scorch                Fire           36%        2d6       4%          2
c - Volatile Blastmotes   Fire/Tloc      36%        2d13      8%          3
d - Inner Flame           Hex/Fire       18%        N/A       8%          3
e - Flame Wave            Conj/Fire      18%        2d7       26%         4
f - Kiss of Death         Conj/Necr      72%        2d10      2%          1
g - Poisonous Vapours     Pois/Air       36%        N/A       4%          2
Your spell library was empty.

Dungeon Overview and Level Annotations

Branches:
Dungeon (4/15)
 Temple: D:4-7

Altars:
Hepliaklqana
Makhleb
Qazlal
Ru
Yredelemnul

Annotations:
D:2 1 runed translucent door, Crazy Yiuf


Innate Abilities, Weirdness & Mutations

You are immune to sickness and miasma.
You are immune to poison.
Your flesh is very heat resistant. (rF++)
You are vulnerable to cold. (rC-)
You float through the air rather than walking.
You learn spells naturally, not from books.
Your magical power is your life essence.
You have superior vitality. (+4 MHP)


Message History

The gnoll is almost dead.
The gnoll's fire resistance burns away.
The gnoll hits you with a +0 club.
Casting: Scorch (safe; 4% risk of failure)
Confirm with . or Enter, or press ? or * to list all spells.
Flames lash the gnoll bouda.
The gnoll bouda is burned terribly!
You kill the gnoll bouda!
Makhleb accepts your kill.
* * * LOW HITPOINT WARNING * * *
The gnoll closely misses you. The gnoll hits you with a +0 club.
* * * LOW HITPOINT WARNING * * *
Casting: Scorch (safe; 4% risk of failure)
Confirm with . or Enter, or press ? or * to list all spells.
Flames lash the adder.
The adder is heavily wounded.
The adder's fire resistance burns away.
* * * LOW HITPOINT WARNING * * *
The gnoll closely misses you. The adder bites you.
* * * LOW HITPOINT WARNING * * *
The gnoll misses you.
Casting: Scorch (safe; 4% risk of failure)
Confirm with . or Enter, or press ? or * to list all spells.
Flames lash the gnoll.
The gnoll is almost dead.
The gnoll's fire resistance burns away.
* * * LOW HITPOINT WARNING * * *
The adder bites you.
* * * LOW HITPOINT WARNING * * *
The gnoll misses you. The gnoll hits you but does no damage.
The adder bites you.
* * * LOW HITPOINT WARNING * * *
Casting: Scorch (safe; 4% risk of failure)
Confirm with . or Enter, or press ? or * to list all spells.
You don't have enough health to cast this spell.
Casting: Scorch (safe; 4% risk of failure)
Confirm with . or Enter, or press ? or * to list all spells.
You don't have enough health to cast this spell.
It was a potion of attraction.
You feel attractive to monsters.
The gnoll hits you from afar with a +0 spear!
You die...

##. ##.. ##...
##$.. . ##...##
..#
#####.....#.>.#.
.......S<.).....
####..@.g##.#..
##..g## ##..#
#..# ...# ##.#
#.. ##


You could see 2 gnolls and an adder (combustible).

Vanquished Creatures
  A gnoll bouda (D:4)
  Ijyb (D:3)
  A gnoll (D:4)
  3 adders
  A dart slug (D:1)
  5 orcs (D:3)
  5 bats
  5 endoplasms
  A giant cockroach (D:1)
  6 goblins
  5 hobgoblins
  3 jackals (D:4)
  A quokka (D:1)
  5 ball pythons
  2 frilled lizards
  6 kobolds
  3 rats
54 creatures vanquished.

Vanquished Creatures (others)
  90 foxfires
90 creatures vanquished.

Grand Total: 144 creatures vanquished

Notes
Turn   | Place    | Note
-------+----------+-------------------------------------------
     0 | D:1      | MisterAzrael the Djinni Fire Elementalist began the quest
                  | for the Orb.
     0 | D:1      | MisterAzrael set off with the following spells memorised:
                  | Foxfire, Scorch, Volatile Blastmotes, Inner Flame, Flame
                  | Wave.
     0 | D:1      | Reached XP level 1. HP: 15/15 MP: 0/0
   172 | D:1      | Reached XP level 2. HP: 19/21 MP: 0/0
   898 | D:2      | Reached XP level 3. HP: 19/26 MP: 0/0
   898 | D:2      | Learned a level 1 spell: Kiss of Death
   990 | D:2      | Reached skill level 1 in Fighting
  1081 | D:2      | You are sucked into a shaft and drop 1 floor!
  1105 | D:3      | Identified the +4 short sword of the Endless Expanse
                  | {flame, Drain rN++ Dex+6}
  1309 | D:2      | Found a runed translucent door.
  1310 | D:2      | Noticed Crazy Yiuf
  1382 | D:3      | Reached XP level 4. HP: 27/32 MP: 0/0
  1402 | D:3      | Noticed Ijyb
  1416 | D:3      | Killed Ijyb
  1790 | D:3      | Reached XP level 5. HP: 37/38 MP: 0/0
  1790 | D:3      | Learned a level 2 spell: Poisonous Vapours
  1913 | D:3      | Found a stormy altar of Qazlal.
  1928 | D:3      | Found a burning altar of Makhleb.
  1928 | D:3      | Found a sacrificial altar of Ru.
  1929 | D:3      | Found a hazy altar of Hepliaklqana.
  1932 | D:3      | Found a basalt altar of Yredelemnul.
  2058 | D:3      | Became a worshipper of Makhleb the Destroyer
  2304 | D:4      | HP: 1/39 [adder (2)]
  2305 | D:4      | Mangled by a gnoll

Illustrated notes

Levels and vault maps discovered:
D:1:      erik_arrival_orb_chamber, layout_loops_ring
D:2:      layout_rooms, moated_statue, uniq_crazy_yiuf_cottage
D:3:      layout_loops_cross, minitemple, uniq_ijyb
D:4:      layout_loops_ring, tso_oasis_becter, hellmonk_ghost_happy_afterlife,
          uniq_edmund, uniq_natasha

Skill      XL: |  1  2  3  4  5 |
---------------+----------------+-----
Spellcasting   | 4 |  4.1
Conjurations   | 4 |  4.1
Hexes          | 4 |  4.1
Summonings     | 4 |  4.1
Necromancy     | 4 |  4.1
Translocations | 4 |  4.1
Transmutations | 4 |  4.1
Fire Magic     | 4 |  4.1
Ice Magic      | 4 |  4.1
Air Magic      | 4 |  4.1
Earth Magic    | 4 |  4.1
Poison Magic   | 4 |  4.1
Fighting       | 1 2 |  2.4
Dodging        | |  2.4
Stealth        | |  1.8

Action                     |  1- 3 |  4- 6 || total
---------------------------+-------+-------++-------
  Melee: Unarmed           |     4 |       ||     4
         Short sword       |     1 |     1 ||     2
   Cast: Foxfire           |    18 |    40 ||    58
         Scorch            |    33 |     5 ||    38
         Inner Flame       |     1 |     4 ||     5
    Use: Potion            |       |     1 ||     1
   Stab: Sleeping          |     1 |       ||     1
 Armour: Robe              |     7 |     4 ||    11
  Dodge: Dodged            |    10 |    12 ||    22

Table legend: (Time is in decaauts)
 A = Elapsed time spent in this place.
 B = Non-inter-level travel time spent in this place.
 C = Inter-level travel time spent in this place.
 D = Time resting spent in this place.
 E = Time spent auto-exploring this place.
 F = Levels seen in this place.
 G = Mean time per level.
                   A        B        C        D        E       F      G
               +--------+--------+--------+--------+--------+-----+--------+
         Total |   2303 |   2191 |    112 |    283 |   1562 |   4 |  575.8 |
       Dungeon |   2303 |   2191 |    112 |    283 |   1562 |   4 |  575.8 |
               +--------+--------+--------+--------+--------+-----+--------+

Top non-repeatable levels by time:
     D:3: 976 daAuts
     D:1: 846 daAuts
     D:2: 463 daAuts
     D:4: 17 daAuts
